Stars vs Penguins
Created - December 3, 2022 at 09:05
Goals
|
| Stars |
2 |
1 |
1 |
4 |
| Penguins |
0 |
1 |
1 |
2 |
|
Shots
|
| Stars |
8 |
18 |
9 |
35 |
| Penguins |
10 |
9 |
16 |
35 |
|
1st period
1. Stars , Evgeny Kuznetsov 1 (Cam Atkinson 5) at 10:41
2. Stars , Jonathan Drouin 1 (Tyson Barrie 4, Cory Emmerton 2) at 14:22
Penalties :
Boris Valabik (Dal) for Tripping (Minor) at 4:50, Tobias Rieder (Dal) for Roughing (Minor) at 7:07, Derek Stepan (Pit) for Tripping (Minor) at 17:09
2nd period
3. Stars , Michael Grabner 9 (John Tavares 12, Andrew Ladd 3) at 11:01
4. Penguins , Josh Jooris 2 (Brandon Tanev 3, Mats Zuccarello 2) at 16:54
Penalties :
Nick Leddy (Pit) for Boarding (Minor) at 4:39, Justin Schultz (Pit) for Tripping (Minor) at 13:10
3rd period
5. Penguins , Jamie Benn 6 (Steven Stamkos 12, Marcus Foligno 7) at 9:34
6. Stars , Guillaume Latendresse 3 (Michael Grabner 9, John Tavares 13) at 13:01
Penalties :
Marcus Foligno (Pit) for Interference (Minor) at 4:30
Goalie Stats
Matt Murray (Dal), 33 saves from 35 shots - (0.943), W, 7-3-2, 60:00 minutes
Andrei Vasilevskiy (Pit), 31 saves from 35 shots - (0.886), L, 5-3-0, 60:00 minutes
Players Stats for Stars
Player Name G A P +/- PIM S H SB GA TA FO MP PP MP PK MP
------------------------------------------------------------------------------------
Alex Chiasson 0 0 0 0 0 0 3 2 0 0 0/0 17:58 4:15 1:21
Andrej Sustr 0 0 0 4 0 1 0 0 0 0 0/0 20:39 3:50 1:48
Andrew Ladd 0 1 1 1 0 1 3 1 0 1 0/0 15:48 4:07 0:49
Boris Valabik 0 0 0 -2 2 2 1 0 0 0 0/0 26:56 4:06 1:08
Brian Lee 0 0 0 -2 0 1 2 3 0 0 0/0 29:05 4:06 2:46
Cam Atkinson 0 1 1 1 0 1 1 0 1 0 0/0 11:58 0:24 0:00
Cory Emmerton 0 1 1 1 0 0 1 0 0 0 3/5 8:21 0:00 1:08
Evgeny Grachev 0 0 0 0 0 3 2 1 0 0 9/19 16:29 4:07 0:00
Evgeny Kuznetsov 1 0 1 1 0 3 1 0 0 0 6/11 11:30 0:00 0:00
Guillaume Latendresse 1 0 1 0 0 6 2 0 1 0 0/2 21:37 3:25 1:21
John Tavares 0 2 2 0 0 3 0 0 0 0 11/21 22:06 3:28 1:38
Jonathan Drouin 1 0 1 1 0 4 0 0 1 0 0/0 7:12 0:00 0:00
Michael Grabner 1 1 2 0 0 4 0 1 0 0 2/2 22:01 3:25 1:39
Paul Ladue 0 0 0 0 0 0 0 1 1 0 0/0 11:54 0:00 1:02
Scott Kosmachuck 0 0 0 1 0 2 2 0 1 0 0/0 7:26 0:13 0:00
Tobias Rieder 0 0 0 0 2 3 1 1 1 0 2/2 13:29 0:24 0:00
Tyler Wotherspoon 0 0 0 0 0 1 0 0 0 0 0/0 11:10 0:00 0:00
Tyson Barrie 0 1 1 4 0 0 1 2 0 0 0/0 20:21 3:50 1:12
Players Stats for Penguins
Player Name G A P +/- PIM S H SB GA TA FO MP PP MP PK MP
------------------------------------------------------------------------------------
Brandon Tanev 0 1 1 0 0 1 1 0 0 1 0/0 7:03 0:00 0:00
Cal Clutterbuck 0 0 0 -1 0 4 1 1 1 0 1/2 16:38 0:35 4:45
Derek Stepan 0 0 0 -1 2 2 3 1 0 0 8/14 16:31 2:07 1:08
Frederick Gaudreau 0 0 0 -1 0 1 1 0 0 0 3/10 13:39 0:25 2:32
Jamie Benn 1 0 1 0 0 1 0 0 0 0 1/1 19:44 1:06 1:52
Josh Jooris 1 0 1 0 0 1 1 0 0 1 1/5 7:03 0:00 0:00
Justin Schultz 0 0 0 -2 2 2 0 0 0 1 0/0 17:23 0:46 1:47
Keith Aulie 0 0 0 -2 0 4 0 0 0 1 0/0 20:07 1:23 2:54
Marcus Foligno 0 1 1 0 2 1 1 0 0 0 0/0 18:42 1:06 1:04
Mats Zuccarello 0 1 1 0 0 1 0 0 0 0 0/0 7:03 0:00 0:00
Nick Leddy 0 0 0 1 2 0 0 0 0 0 0/0 15:55 2:35 1:39
Nikita Kucherov 0 0 0 -1 0 1 1 0 0 0 0/0 15:03 2:17 0:00
Oliver Ekman-Larsson 0 0 0 -1 0 2 0 1 0 1 0/0 28:49 1:49 4:30
Oscar Klefbom 0 0 0 -1 0 3 0 1 0 1 0/0 24:30 1:23 0:32
Paul Stastny 0 0 0 -1 0 6 1 0 0 0 0/0 11:42 0:48 0:22
Robert Hagg 0 0 0 1 0 0 1 1 0 0 0/0 14:39 0:00 4:30
Steven Stamkos 0 1 1 0 0 4 2 1 0 0 15/28 22:39 1:26 4:09
William Nylander 0 0 0 -1 0 1 2 0 0 0 0/2 14:50 2:04 0:00
3 Stars
1 - Tyson Barrie (Dal)
2 - Michael Grabner (Dal)
3 - Matt Murray (Dal)
Power Play
Stars - 0 on 4 Attempt(s) - 0.00%
Penguins - 0 on 2 Attempt(s) - 0.00%
Penalty Kill
Stars - 2 on 2 Attempt(s) - 100.00%
- Score 0 goal in Penalty Kill
Penguins - 4 on 4 Attempt(s) - 100.00%
- Score 0 goal in Penalty Kill
Team Stat
Stars - Hits : 20 - Faceoff Wins : 33 - Blocked Shots : 12 - Penalty Minutes : 4
Penguins - Hits : 15 - Faceoff Wins : 29 - Blocked Shots : 6 - Penalty Minutes : 8
Official
Referees : Kelly Sutherland and TJ Luxmore
Linesman : Bryan Pancich and Julien Fournier
Game Notes
Boris Valabik is injured at 19:23 of 3rd period (Sprained Left Finger)
Finance
Level 1 -- Attendance: 5661 (94.35%) -- Ticket Income $566,100
Level 2 -- Attendance: 5000 (100.00%) -- Ticket Income $300,000
Level 3 -- Attendance: 1812 (90.60%) -- Ticket Income $63,420
Level 4 -- Attendance: 4000 (100.00%) -- Ticket Income $100,000
Luxury Box -- Attendance: 976 (97.60%) -- Ticket Income $195,200
Game was played at the PPG Paint Arena.
Total Attendance: 17449 (96.94%)
Total Ticket Income: $1,224,720
Other Income: $183,708
Total Income: $1,408,428
Stars
5 vs 5 Forward
Center Left Wing Right Wing Time % Phy DF OF
1 John Tavares Guillaume Latendresse Michael Grabner 40 1 2 2
2 Evgeny Grachev Tobias Rieder Alex Chiasson 30 1 2 2
3 Evgeny Kuznetsov Andrew Ladd Cam Atkinson 20 1 2 2
4 Cory Emmerton Jonathan Drouin Scott Kosmachuck 10 1 2 2
5 vs 5 Defense
Defense Defense Time % Phy DF OF
1 Boris Valabik Brian Lee 40 1 2 2
2 Andrej Sustr Tyson Barrie 30 1 2 2
3 Tyler Wotherspoon Paul Ladue 20 1 2 2
4 Boris Valabik Brian Lee 10 1 2 2
PowerPlay Forward
Center Left Wing Right Wing Time % Phy DF OF
1 John Tavares Guillaume Latendresse Michael Grabner 60 0 2 3
2 Evgeny Grachev Andrew Ladd Alex Chiasson 40 0 2 3
PowerPlay Defense
Defense Defense Time % Phy DF OF
1 Boris Valabik Brian Lee 60 1 2 2
2 Andrej Sustr Tyson Barrie 40 1 2 2
Penalty Kill 4 Players Forward
Center Wing Time % Phy DF OF
1 John Tavares Michael Grabner 60 1 2 2
2 Guillaume Latendresse Alex Chiasson 40 1 2 2
Penalty Kill 4 Players Defense
Defense Defense Time % Phy DF OF
1 Boris Valabik Brian Lee 60 0 3 2
2 Andrej Sustr Tyson Barrie 40 0 3 2
Penalty Kill - 3 Players Forward
Forward Time % Phy DF OF
1 John Tavares 60 1 2 2
2 Michael Grabner 40 1 2 2
Penalty Kill - 3 Players Defense
Defense Defense Time % Phy DF OF
1 Boris Valabik Brian Lee 60 0 3 2
2 Andrej Sustr Tyson Barrie 40 0 3 2
4 vs 4 Forward
Center Wing Time % Phy DF OF
1 John Tavares Michael Grabner 60 0 2 3
2 Guillaume Latendresse Alex Chiasson 40 0 2 3
4 vs 4 Defense
Defense Defense Time % Phy DF OF
1 Boris Valabik Brian Lee 60 1 2 2
2 Andrej Sustr Tyson Barrie 40 1 2 2
Last Minutes Offensive
Center Left Wing Right Wing Defense Defense
John Tavares Guillaume Latendresse Michael Grabner Boris Valabik Brian Lee
Last Minutes Defensive
Center Left Wing Right Wing Defense Defense
John Tavares Guillaume Latendresse Michael Grabner Boris Valabik Brian Lee
Goaltenders
Starting : Matt Murray
Backup : Jhonas Enroth
Extra Forwards
Normal : Cam Atkinson, Tobias Rieder, Cory Emmerton - PP : Cam Atkinson, Tobias Rieder - PK : Cory Emmerton
Extra Defensemen
Normal : Tyler Wotherspoon, Paul Ladue, Andrej Sustr - PP : Tyler Wotherspoon - PK : Paul Ladue, Andrej Sustr
Penalty Shots
John Tavares, Michael Grabner, Guillaume Latendresse, Alex Chiasson, Andrew Ladd
Scratches
Tyler Brenner (Healthy)
Penguins
5 vs 5 Forward
Center Left Wing Right Wing Time % Phy DF OF
1 Steven Stamkos Jamie Benn Marcus Foligno 40 1 2 2
2 Derek Stepan William Nylander Nikita Kucherov 30 1 2 2
3 Frederick Gaudreau Paul Stastny Cal Clutterbuck 20 1 2 2
4 Josh Jooris Brandon Tanev Mats Zuccarello 10 1 2 2
5 vs 5 Defense
Defense Defense Time % Phy DF OF
1 Oliver Ekman-Larsson Oscar Klefbom 40 1 2 2
2 Keith Aulie Justin Schultz 30 1 2 2
3 Nick Leddy Robert Hagg 20 1 2 2
4 Oliver Ekman-Larsson Oscar Klefbom 10 1 2 2
PowerPlay Forward
Center Left Wing Right Wing Time % Phy DF OF
1 Steven Stamkos William Nylander Nikita Kucherov 60 1 0 4
2 Derek Stepan Jamie Benn Marcus Foligno 40 1 0 4
PowerPlay Defense
Defense Defense Time % Phy DF OF
1 Oliver Ekman-Larsson Nick Leddy 60 1 1 3
2 Keith Aulie Oscar Klefbom 40 1 1 3
Penalty Kill 4 Players Forward
Center Wing Time % Phy DF OF
1 Steven Stamkos Cal Clutterbuck 60 1 4 0
2 Frederick Gaudreau Marcus Foligno 40 1 4 0
Penalty Kill 4 Players Defense
Defense Defense Time % Phy DF OF
1 Oliver Ekman-Larsson Robert Hagg 60 1 4 0
2 Keith Aulie Justin Schultz 40 1 4 0
Penalty Kill - 3 Players Forward
Forward Time % Phy DF OF
1 Cal Clutterbuck 60 1 4 0
2 Marcus Foligno 40 1 4 0
Penalty Kill - 3 Players Defense
Defense Defense Time % Phy DF OF
1 Oliver Ekman-Larsson Robert Hagg 60 1 4 0
2 Keith Aulie Justin Schultz 40 1 4 0
4 vs 4 Forward
Center Wing Time % Phy DF OF
1 Steven Stamkos Marcus Foligno 60 1 2 2
2 Derek Stepan Nikita Kucherov 40 1 2 2
4 vs 4 Defense
Defense Defense Time % Phy DF OF
1 Oliver Ekman-Larsson Oscar Klefbom 60 1 2 2
2 Keith Aulie Justin Schultz 40 1 2 2
Last Minutes Offensive
Center Left Wing Right Wing Defense Defense
Steven Stamkos William Nylander Nikita Kucherov Oliver Ekman-Larsson Oscar Klefbom
Last Minutes Defensive
Center Left Wing Right Wing Defense Defense
Frederick Gaudreau Brandon Tanev Cal Clutterbuck Oliver Ekman-Larsson Keith Aulie
Goaltenders
Starting : Andrei Vasilevskiy
Backup : Viktor Fasth
Extra Forwards
Normal : Steven Stamkos, Derek Stepan, Paul Stastny - PP : Steven Stamkos, Derek Stepan - PK : Cal Clutterbuck
Extra Defensemen
Normal : Oliver Ekman-Larsson, Keith Aulie, Robert Hagg - PP : Nick Leddy - PK : Oliver Ekman-Larsson, Keith Aulie
Penalty Shots
Steven Stamkos, Nikita Kucherov, Derek Stepan, William Nylander, Marcus Foligno
Scratches
Andy Andreoff (Healthy), Jamie Arniel (Torn Right Knee Ligaments Injury), Joe Colborne (Right Eye Injury)
% Time on Ice - Stars
Lines # - Real PCT - Wanted PCT - Time Play
Normal Forward
1 - 35% - 40% - 17:02
2 - 26% - 30% - 12:22
3 - 24% - 20% - 11:30
4 - 15% - 10% - 7:12
Normal Defense
1 - 42% - 40% - 20:02
2 - 32% - 30% - 15:19
3 - 22% - 20% - 10:34
4 - 5% - 10% - 2:11
PP Forward
1 - 46% - 60% - 3:41
2 - 54% - 40% - 4:15
PP Defense
1 - 52% - 60% - 4:06
2 - 48% - 40% - 3:50
PK Forward
1 - 66% - 60% - 2:37
2 - 34% - 40% - 1:21
PK Defense
1 - 70% - 60% - 2:46
2 - 30% - 40% - 1:12
PK3 Forward
1 - 0% - 60%
2 - 0% - 40%
PK3 Defense
1 - 0% - 60%
2 - 0% - 40%
44 Forward
1 - 0% - 60%
2 - 0% - 40%
44 Defense
1 - 0% - 60%
2 - 0% - 40%
Last Minute Offensive - 0:00
Last Minute Defensive - 0:00
Total
Forward - 60:00
Defense - 60:00
|
% Time on Ice - Penguins
Lines # - Real PCT - Wanted PCT - Time Play
Normal Forward
1 - 37% - 40% - 17:56
2 - 28% - 30% - 13:29
3 - 20% - 20% - 9:38
4 - 15% - 10% - 7:03
Normal Defense
1 - 42% - 40% - 20:15
2 - 33% - 30% - 15:50
3 - 20% - 20% - 9:46
4 - 5% - 10% - 2:15
PP Forward
1 - 62% - 60% - 2:27
2 - 38% - 40% - 1:31
PP Defense
1 - 65% - 60% - 2:35
2 - 35% - 40% - 1:23
PK Forward
1 - 74% - 60% - 5:54
2 - 26% - 40% - 2:02
PK Defense
1 - 63% - 60% - 5:02
2 - 37% - 40% - 2:54
PK3 Forward
1 - 0% - 60%
2 - 0% - 40%
PK3 Defense
1 - 0% - 60%
2 - 0% - 40%
44 Forward
1 - 0% - 60%
2 - 0% - 40%
44 Defense
1 - 0% - 60%
2 - 0% - 40%
Last Minute Offensive - 0:00
Last Minute Defensive - 0:00
Total
Forward - 60:00
Defense - 60:00
|
Play-by-Play
1st period
0:01 of 1st period - John Tavares wins face-off versus Steven Stamkos in neutral zone.
0:03 of 1st period - Off-side.
0:04 of 1st period - Steven Stamkos wins face-off versus John Tavares in neutral zone.
0:56 of 1st period - Wrist shot by Evgeny Kuznetsov.
0:56 of 1st period - Stopped by Andrei Vasilevskiy with a rebound.
1:46 of 1st period - Snap shot by Marcus Foligno.
1:46 of 1st period - Stopped by Matt Murray with a rebound.
1:58 of 1st period - Slapshot by Nikita Kucherov.
1:58 of 1st period - Stopped by Matt Murray with a rebound.
2:04 of 1st period - Nick Leddy is hit by Alex Chiasson.
2:54 of 1st period - Slapshot by Evgeny Kuznetsov.
2:54 of 1st period - Shot Misses the Net.
2:56 of 1st period - Slapshot by Boris Valabik.
2:56 of 1st period - Shot Misses the Net.
3:29 of 1st period - Icing by Oliver Ekman-Larsson.
3:30 of 1st period - Steven Stamkos wins face-off versus John Tavares in Penguins zone.
4:23 of 1st period - Snap shot by Marcus Foligno.
4:23 of 1st period - Shot Blocked by Tyson Barrie.
4:47 of 1st period - Wrist shot by Steven Stamkos.
4:47 of 1st period - Stopped by Matt Murray without a rebound.
4:48 of 1st period - Evgeny Grachev wins face-off versus Derek Stepan in Stars zone.
4:50 of 1st period - Minor Penalty to Boris Valabik for Tripping.
4:51 of 1st period - John Tavares wins face-off versus Derek Stepan in Stars zone.
5:18 of 1st period - Icing by Nikita Kucherov.
5:19 of 1st period - John Tavares wins face-off versus Derek Stepan in Penguins zone.
5:42 of 1st period - Oscar Klefbom is hit by Brian Lee and loses puck.
5:55 of 1st period - Andrej Sustr is hit by Steven Stamkos.
6:50 of 1st period - Penalty to Boris Valabik is over, Boris Valabik is back on ice.
7:05 of 1st period - Wrist shot by Justin Schultz.
7:05 of 1st period - Stopped by Matt Murray with a rebound.
7:07 of 1st period - Minor Penalty to Tobias Rieder for Roughing.
7:08 of 1st period - John Tavares wins face-off versus William Nylander in Stars zone.
7:21 of 1st period - Wrist shot by Michael Grabner.
7:21 of 1st period - Stopped by Andrei Vasilevskiy with a rebound.
7:39 of 1st period - Snap shot by Derek Stepan.
7:39 of 1st period - Shot Misses the Net.
7:41 of 1st period - Slapshot by Keith Aulie.
7:41 of 1st period - Shot Blocked by Alex Chiasson.
9:07 of 1st period - Penalty to Tobias Rieder is over, Tobias Rieder is back on ice.
9:11 of 1st period - Icing by Jamie Benn.
9:12 of 1st period - Evgeny Kuznetsov wins face-off versus Frederick Gaudreau in Penguins zone.
10:17 of 1st period - John Tavares is hit by Brandon Tanev and loses puck.
10:41 of 1st period - Wrist shot by Evgeny Kuznetsov.
10:41 of 1st period - Goal by Evgeny Kuznetsov - Stars : 1 - Penguins : 0.
10:42 of 1st period - Derek Stepan wins face-off versus Evgeny Grachev in neutral zone.
11:08 of 1st period - Wrist shot by Jonathan Drouin.
11:08 of 1st period - Stopped by Andrei Vasilevskiy with a rebound.
11:13 of 1st period - Off-side.
11:14 of 1st period - Steven Stamkos wins face-off versus Cory Emmerton in neutral zone.
11:17 of 1st period - Tyler Wotherspoon is hit by Marcus Foligno and loses puck.
11:25 of 1st period - Icing by Paul Ladue.
11:26 of 1st period - Cory Emmerton wins face-off versus Derek Stepan in Stars zone.
11:55 of 1st period - Snap shot by Guillaume Latendresse.
11:55 of 1st period - Stopped by Andrei Vasilevskiy without a rebound.
11:56 of 1st period - John Tavares wins face-off versus Cal Clutterbuck in Penguins zone.
12:05 of 1st period - John Tavares is hit by Frederick Gaudreau and loses puck.
12:54 of 1st period - Wrist shot by Oscar Klefbom.
12:54 of 1st period - Stopped by Matt Murray without a rebound.
12:55 of 1st period - Evgeny Grachev wins face-off versus Steven Stamkos in Stars zone.
13:31 of 1st period - Snap shot by Nikita Kucherov.
13:31 of 1st period - Deflect By Derek Stepan.
13:31 of 1st period - Stopped by Matt Murray without a rebound.
13:32 of 1st period - Steven Stamkos wins face-off versus Evgeny Kuznetsov in Stars zone.
13:45 of 1st period - Slapshot by Brian Lee.
13:45 of 1st period - Shot Misses the Net.
13:47 of 1st period - Snap shot by Andrew Ladd.
13:47 of 1st period - Stopped by Andrei Vasilevskiy with a rebound.
13:57 of 1st period - Alex Chiasson is hit by William Nylander and loses puck.
14:20 of 1st period - Slapshot by Jonathan Drouin.
14:20 of 1st period - Shot Misses the Net.
14:22 of 1st period - Slapshot by Tyson Barrie.
14:22 of 1st period - Deflect By Jonathan Drouin.
14:22 of 1st period - Goal by Jonathan Drouin - Stars : 2 - Penguins : 0.
14:23 of 1st period - Michael Grabner wins face-off versus Steven Stamkos in neutral zone.
14:26 of 1st period - Slapshot by Brian Lee.
14:26 of 1st period - Shot Misses the Net.
14:51 of 1st period - Snap shot by Cal Clutterbuck.
14:51 of 1st period - Shot Misses the Net.
14:53 of 1st period - Wrist shot by Cal Clutterbuck.
14:53 of 1st period - Shot Blocked by Brian Lee.
14:55 of 1st period - Wrist shot by Paul Stastny.
14:55 of 1st period - Stopped by Matt Murray with a rebound.
14:57 of 1st period - Wrist shot by Cal Clutterbuck.
14:57 of 1st period - Stopped by Matt Murray with a rebound.
15:19 of 1st period - Slapshot by Keith Aulie.
15:19 of 1st period - Deflect By Boris Valabik.
15:19 of 1st period - Stopped by Matt Murray with a rebound.
16:19 of 1st period - Snap shot by Tobias Rieder.
16:19 of 1st period - Stopped by Andrei Vasilevskiy with a rebound.
16:33 of 1st period - Snap shot by Marcus Foligno.
16:33 of 1st period - Shot Misses the Net.
16:35 of 1st period - Slapshot by Keith Aulie.
16:35 of 1st period - Stopped by Matt Murray with a rebound.
16:37 of 1st period - Slapshot by Keith Aulie.
16:37 of 1st period - Shot Misses the Net.
16:39 of 1st period - Snap shot by Jamie Benn.
16:39 of 1st period - Shot Misses the Net.
17:09 of 1st period - Minor Penalty to Derek Stepan for Tripping.
17:10 of 1st period - Steven Stamkos wins face-off versus John Tavares in Penguins zone.
19:09 of 1st period - Penalty to Derek Stepan is over, Derek Stepan is back on ice.
19:25 of 1st period - Frederick Gaudreau is hit by Scott Kosmachuck and loses puck.
19:45 of 1st period - Oliver Ekman-Larsson is hit by Andrew Ladd and loses puck.
Goals for this period are 2 for Stars vs 0 for Penguins.
Shots for this period are 8 for Stars vs 10 for Penguins.
2nd period
0:01 of 2nd period - Steven Stamkos wins face-off versus Guillaume Latendresse in neutral zone.
1:05 of 2nd period - Slapshot by Jonathan Drouin.
1:05 of 2nd period - Stopped by Andrei Vasilevskiy without a rebound.
1:06 of 2nd period - John Tavares wins face-off versus Steven Stamkos in Penguins zone.
1:17 of 2nd period - Slapshot by Michael Grabner.
1:17 of 2nd period - Shot Blocked by Steven Stamkos.
1:38 of 2nd period - Slapshot by Cal Clutterbuck.
1:38 of 2nd period - Stopped by Matt Murray with a rebound.
1:40 of 2nd period - Slapshot by Oscar Klefbom.
1:40 of 2nd period - Shot Blocked by Tyson Barrie.
1:42 of 2nd period - Slapshot by Oscar Klefbom.
1:42 of 2nd period - Shot Misses the Net.
1:44 of 2nd period - Snap shot by Paul Stastny.
1:44 of 2nd period - Stopped by Matt Murray without a rebound.
1:45 of 2nd period - Steven Stamkos wins face-off versus Evgeny Grachev in Stars zone.
2:41 of 2nd period - Snap shot by Cam Atkinson.
2:41 of 2nd period - Stopped by Andrei Vasilevskiy with a rebound.
3:27 of 2nd period - Icing by Marcus Foligno.
3:28 of 2nd period - Steven Stamkos wins face-off versus Evgeny Grachev in Penguins zone.
3:28 of 2nd period - Steven Stamkos is hit by Evgeny Grachev.
4:16 of 2nd period - Icing by John Tavares.
4:17 of 2nd period - Evgeny Kuznetsov wins face-off versus Frederick Gaudreau in Stars zone.
4:39 of 2nd period - Minor Penalty to Nick Leddy for Boarding.
4:40 of 2nd period - Steven Stamkos wins face-off versus John Tavares in Penguins zone.
5:14 of 2nd period - Slapshot by Boris Valabik.
5:14 of 2nd period - Stopped by Andrei Vasilevskiy with a rebound.
5:16 of 2nd period - Wrist shot by Evgeny Grachev.
5:16 of 2nd period - Deflect By Andrew Ladd.
5:16 of 2nd period - Shot Misses the Net.
5:16 of 2nd period - Puck is out of play.
5:17 of 2nd period - Cal Clutterbuck wins face-off versus Evgeny Grachev in Penguins zone.
5:40 of 2nd period - Marcus Foligno is hit by Evgeny Grachev and loses puck.
5:45 of 2nd period - Snap shot by Evgeny Grachev.
5:45 of 2nd period - Stopped by Andrei Vasilevskiy without a rebound.
5:46 of 2nd period - Frederick Gaudreau wins face-off versus John Tavares in Penguins zone.
5:55 of 2nd period - Slapshot by John Tavares.
5:55 of 2nd period - Deflect By Guillaume Latendresse.
5:55 of 2nd period - Shot Misses the Net.
5:55 of 2nd period - Puck is out of play.
5:56 of 2nd period - John Tavares wins face-off versus Steven Stamkos in Penguins zone.
5:59 of 2nd period - Snap shot by Guillaume Latendresse.
5:59 of 2nd period - Shot Misses the Net.
6:01 of 2nd period - Slapshot by Andrej Sustr.
6:01 of 2nd period - Shot Misses the Net.
6:03 of 2nd period - Wrist shot by John Tavares.
6:03 of 2nd period - Shot Misses the Net.
6:28 of 2nd period - Snap shot by Michael Grabner.
6:28 of 2nd period - Shot Misses the Net.
6:30 of 2nd period - Wrist shot by John Tavares.
6:30 of 2nd period - Stopped by Andrei Vasilevskiy without a rebound.
6:31 of 2nd period - Evgeny Grachev wins face-off versus Steven Stamkos in Penguins zone.
6:39 of 2nd period - Penalty to Nick Leddy is over, Nick Leddy is back on ice.
6:56 of 2nd period - Nick Leddy is hit by Cory Emmerton and loses puck.
7:01 of 2nd period - Wrist shot by Jonathan Drouin.
7:01 of 2nd period - Shot Misses the Net.
7:03 of 2nd period - Wrist shot by Tyler Wotherspoon.
7:03 of 2nd period - Stopped by Andrei Vasilevskiy with a rebound.
7:05 of 2nd period - Snap shot by Scott Kosmachuck.
7:05 of 2nd period - Stopped by Andrei Vasilevskiy with a rebound.
7:37 of 2nd period - Slapshot by Nick Leddy.
7:37 of 2nd period - Shot Blocked by Michael Grabner.
8:17 of 2nd period - Boris Valabik is hit by Nikita Kucherov and loses puck.
8:22 of 2nd period - Snap shot by Derek Stepan.
8:22 of 2nd period - Shot Misses the Net.
8:24 of 2nd period - Snap shot by Keith Aulie.
8:24 of 2nd period - Shot Misses the Net.
8:26 of 2nd period - Snap shot by Justin Schultz.
8:26 of 2nd period - Shot Misses the Net.
8:28 of 2nd period - Slapshot by Justin Schultz.
8:28 of 2nd period - Shot Misses the Net.
9:34 of 2nd period - Jamie Benn is hit by Scott Kosmachuck and loses puck.
9:39 of 2nd period - Slapshot by Scott Kosmachuck.
9:39 of 2nd period - Stopped by Andrei Vasilevskiy without a rebound.
9:40 of 2nd period - Cory Emmerton wins face-off versus Josh Jooris in Penguins zone.
10:07 of 2nd period - Paul Ladue is hit by Derek Stepan and loses puck.
10:18 of 2nd period - Paul Stastny is hit by Tobias Rieder and loses puck.
10:29 of 2nd period - Wrist shot by Tobias Rieder.
10:29 of 2nd period - Stopped by Andrei Vasilevskiy with a rebound.
10:48 of 2nd period - Icing by Tyson Barrie.
10:49 of 2nd period - Evgeny Kuznetsov wins face-off versus Josh Jooris in Stars zone.
10:49 of 2nd period - Evgeny Kuznetsov is hit by Josh Jooris.
11:01 of 2nd period - Wrist shot by Michael Grabner.
11:01 of 2nd period - Goal by Michael Grabner - Stars : 3 - Penguins : 0.
11:02 of 2nd period - John Tavares wins face-off versus Steven Stamkos in neutral zone.
11:09 of 2nd period - Snap shot by Michael Grabner.
11:09 of 2nd period - Stopped by Andrei Vasilevskiy without a rebound.
11:10 of 2nd period - John Tavares wins face-off versus Steven Stamkos in Penguins zone.
11:43 of 2nd period - Snap shot by Michael Grabner.
11:43 of 2nd period - Stopped by Andrei Vasilevskiy with a rebound.
11:51 of 2nd period - Wrist shot by John Tavares.
11:51 of 2nd period - Stopped by Andrei Vasilevskiy with a rebound.
11:53 of 2nd period - Slapshot by Boris Valabik.
11:53 of 2nd period - Shot Misses the Net.
12:21 of 2nd period - Snap shot by Guillaume Latendresse.
12:21 of 2nd period - Shot Blocked by Oliver Ekman-Larsson.
12:35 of 2nd period - Wrist shot by John Tavares.
12:35 of 2nd period - Deflect By Guillaume Latendresse.
12:35 of 2nd period - Stopped by Andrei Vasilevskiy with a rebound.
12:37 of 2nd period - Slapshot by Brian Lee.
12:37 of 2nd period - Shot Blocked by Oscar Klefbom.
13:07 of 2nd period - Wrist shot by Guillaume Latendresse.
13:07 of 2nd period - Stopped by Andrei Vasilevskiy without a rebound.
13:08 of 2nd period - Derek Stepan wins face-off versus Evgeny Grachev in Penguins zone.
13:10 of 2nd period - Minor Penalty to Justin Schultz for Tripping.
13:11 of 2nd period - Derek Stepan wins face-off versus Evgeny Grachev in Penguins zone.
13:11 of 2nd period - Derek Stepan is hit by Tyson Barrie.
13:20 of 2nd period - Slapshot by Tyson Barrie.
13:20 of 2nd period - Deflect By Alex Chiasson.
13:20 of 2nd period - Shot Blocked by Derek Stepan.
13:20 of 2nd period - Puck is out of play.
13:21 of 2nd period - Derek Stepan wins face-off versus Evgeny Grachev in Penguins zone.
13:21 of 2nd period - Derek Stepan is hit by Alex Chiasson.
13:37 of 2nd period - Snap shot by Alex Chiasson.
13:37 of 2nd period - Shot Misses the Net.
13:39 of 2nd period - Slapshot by Andrej Sustr.
13:39 of 2nd period - Stopped by Andrei Vasilevskiy without a rebound.
13:40 of 2nd period - Evgeny Grachev wins face-off versus Steven Stamkos in Penguins zone.
14:07 of 2nd period - Alex Chiasson is hit by Robert Hagg and loses puck.
15:10 of 2nd period - Penalty to Justin Schultz is over, Justin Schultz is back on ice.
15:17 of 2nd period - Snap shot by Jonathan Drouin.
15:17 of 2nd period - Shot Misses the Net.
15:37 of 2nd period - Slapshot by Keith Aulie.
15:37 of 2nd period - Stopped by Matt Murray without a rebound.
15:38 of 2nd period - Derek Stepan wins face-off versus Cory Emmerton in Stars zone.
15:45 of 2nd period - Snap shot by Nikita Kucherov.
15:45 of 2nd period - Shot Blocked by Brian Lee.
15:47 of 2nd period - Slapshot by Oscar Klefbom.
15:47 of 2nd period - Deflect By Derek Stepan.
15:47 of 2nd period - Stopped by Matt Murray without a rebound.
15:48 of 2nd period - Frederick Gaudreau wins face-off versus Evgeny Grachev in Stars zone.
15:49 of 2nd period - Slapshot by Oscar Klefbom.
15:49 of 2nd period - Stopped by Matt Murray with a rebound.
15:51 of 2nd period - Wrist shot by Frederick Gaudreau.
15:51 of 2nd period - Stopped by Matt Murray without a rebound.
15:52 of 2nd period - Tobias Rieder wins face-off versus Frederick Gaudreau in Stars zone.
15:59 of 2nd period - Wrist shot by Tobias Rieder.
15:59 of 2nd period - Stopped by Andrei Vasilevskiy without a rebound.
16:00 of 2nd period - Derek Stepan wins face-off versus Evgeny Grachev in Penguins zone.
16:05 of 2nd period - Derek Stepan is hit by Alex Chiasson.
16:35 of 2nd period - Frederick Gaudreau is hit by Guillaume Latendresse and loses puck.
16:54 of 2nd period - Wrist shot by Brandon Tanev.
16:54 of 2nd period - Deflect By Josh Jooris.
16:54 of 2nd period - Goal by Josh Jooris - Stars : 3 - Penguins : 1.
16:55 of 2nd period - Derek Stepan wins face-off versus Evgeny Grachev in neutral zone.
17:22 of 2nd period - Andrej Sustr is hit by Cal Clutterbuck and loses puck.
17:30 of 2nd period - Slapshot by Keith Aulie.
17:30 of 2nd period - Stopped by Matt Murray with a rebound.
17:32 of 2nd period - Slapshot by Cal Clutterbuck.
17:32 of 2nd period - Stopped by Matt Murray with a rebound.
17:34 of 2nd period - Slapshot by Frederick Gaudreau.
17:34 of 2nd period - Shot Blocked by Tobias Rieder.
17:48 of 2nd period - Oscar Klefbom is hit by Guillaume Latendresse and loses puck.
18:30 of 2nd period - Nick Leddy is hit by Evgeny Kuznetsov and loses puck.
18:37 of 2nd period - Wrist shot by Andrew Ladd.
18:37 of 2nd period - Deflect By Evgeny Kuznetsov.
18:37 of 2nd period - Stopped by Andrei Vasilevskiy without a rebound.
18:38 of 2nd period - Steven Stamkos wins face-off versus Evgeny Kuznetsov in Penguins zone.
18:49 of 2nd period - Slapshot by Robert Hagg.
18:49 of 2nd period - Shot Blocked by Andrew Ladd.
19:19 of 2nd period - Wrist shot by Evgeny Grachev.
19:19 of 2nd period - Shot Blocked by Robert Hagg.
19:30 of 2nd period - Off-side.
19:31 of 2nd period - Cory Emmerton wins face-off versus Frederick Gaudreau in neutral zone.
Goals for this period are 1 for Stars vs 1 for Penguins.
Shots for this period are 18 for Stars vs 9 for Penguins.
3rd period
0:01 of 3rd period - Steven Stamkos wins face-off versus John Tavares in neutral zone.
0:36 of 3rd period - Wrist shot by Evgeny Grachev.
0:36 of 3rd period - Stopped by Andrei Vasilevskiy with a rebound.
0:51 of 3rd period - Icing by Paul Stastny.
0:52 of 3rd period - Evgeny Kuznetsov wins face-off versus Frederick Gaudreau in Penguins zone.
1:09 of 3rd period - Slapshot by Oliver Ekman-Larsson.
1:09 of 3rd period - Stopped by Matt Murray without a rebound.
1:10 of 3rd period - Steven Stamkos wins face-off versus John Tavares in Stars zone.
2:04 of 3rd period - Snap shot by Paul Stastny.
2:04 of 3rd period - Stopped by Matt Murray with a rebound.
2:06 of 3rd period - Backhand shot by Cal Clutterbuck.
2:06 of 3rd period - Shot Misses the Net.
2:08 of 3rd period - Slapshot by Nick Leddy.
2:08 of 3rd period - Shot Misses the Net.
2:10 of 3rd period - Slapshot by Robert Hagg.
2:10 of 3rd period - Deflect By Paul Stastny.
2:10 of 3rd period - Deflect By Tyson Barrie.
2:10 of 3rd period - Stopped by Matt Murray with a rebound.
2:51 of 3rd period - Wrist shot by Steven Stamkos.
2:51 of 3rd period - Stopped by Matt Murray without a rebound.
2:52 of 3rd period - Steven Stamkos wins face-off versus Guillaume Latendresse in Stars zone.
2:59 of 3rd period - Snap shot by Steven Stamkos.
2:59 of 3rd period - Stopped by Matt Murray without a rebound.
3:00 of 3rd period - John Tavares wins face-off versus Steven Stamkos in Stars zone.
3:11 of 3rd period - Snap shot by John Tavares.
3:11 of 3rd period - Shot Hit the Post.
3:25 of 3rd period - Snap shot by Jamie Benn.
3:25 of 3rd period - Shot Misses the Net.
3:27 of 3rd period - Slapshot by Oliver Ekman-Larsson.
3:27 of 3rd period - Stopped by Matt Murray without a rebound.
3:28 of 3rd period - Evgeny Grachev wins face-off versus William Nylander in Stars zone.
3:53 of 3rd period - Justin Schultz is hit by Andrew Ladd.
3:59 of 3rd period - Snap shot by Cam Atkinson.
3:59 of 3rd period - Shot Misses the Net.
4:19 of 3rd period - Michael Grabner is hit by Steven Stamkos and loses puck.
4:30 of 3rd period - Minor Penalty to Marcus Foligno for Interference.
4:31 of 3rd period - Steven Stamkos wins face-off versus John Tavares in Penguins zone.
4:44 of 3rd period - Wrist shot by Guillaume Latendresse.
4:44 of 3rd period - Stopped by Andrei Vasilevskiy with a rebound.
4:46 of 3rd period - Slapshot by Brian Lee.
4:46 of 3rd period - Stopped by Andrei Vasilevskiy with a rebound.
4:48 of 3rd period - Slapshot by Boris Valabik.
4:48 of 3rd period - Stopped by Andrei Vasilevskiy with a rebound.
6:21 of 3rd period - Andrew Ladd is hit by Paul Stastny and loses puck.
6:30 of 3rd period - Penalty to Marcus Foligno is over, Marcus Foligno is back on ice.
6:52 of 3rd period - Snap shot by Paul Stastny.
6:52 of 3rd period - Stopped by Matt Murray without a rebound.
6:53 of 3rd period - Derek Stepan wins face-off versus Evgeny Kuznetsov in Stars zone.
7:39 of 3rd period - Icing by Brandon Tanev.
7:40 of 3rd period - Michael Grabner wins face-off versus Josh Jooris in Penguins zone.
7:43 of 3rd period - Snap shot by Guillaume Latendresse.
7:43 of 3rd period - Stopped by Andrei Vasilevskiy without a rebound.
7:44 of 3rd period - Steven Stamkos wins face-off versus John Tavares in Penguins zone.
8:11 of 3rd period - Paul Ladue is hit by Derek Stepan and loses puck.
8:58 of 3rd period - Snap shot by Mats Zuccarello.
8:58 of 3rd period - Shot Misses the Net.
9:00 of 3rd period - Snap shot by Mats Zuccarello.
9:00 of 3rd period - Deflect By Alex Chiasson.
9:00 of 3rd period - Shot Blocked by Evgeny Grachev.
9:00 of 3rd period - Puck is out of play.
9:01 of 3rd period - Evgeny Grachev wins face-off versus Josh Jooris in Stars zone.
9:18 of 3rd period - Wrist shot by Mats Zuccarello.
9:18 of 3rd period - Stopped by Matt Murray without a rebound.
9:19 of 3rd period - Jamie Benn wins face-off versus John Tavares in Stars zone.
9:32 of 3rd period - Wrist shot by Steven Stamkos.
9:32 of 3rd period - Shot Blocked by Brian Lee.
9:34 of 3rd period - Wrist shot by Jamie Benn.
9:34 of 3rd period - Goal by Jamie Benn - Stars : 3 - Penguins : 2.
9:35 of 3rd period - Evgeny Grachev wins face-off versus Steven Stamkos in neutral zone.
9:57 of 3rd period - Oscar Klefbom is hit by Boris Valabik.
10:11 of 3rd period - William Nylander is hit by Brian Lee and loses puck.
10:30 of 3rd period - Wrist shot by John Tavares.
10:30 of 3rd period - Stopped by Andrei Vasilevskiy with a rebound.
11:52 of 3rd period - Off-side.
11:53 of 3rd period - Josh Jooris wins face-off versus Evgeny Kuznetsov in neutral zone.
11:56 of 3rd period - Slapshot by Justin Schultz.
11:56 of 3rd period - Stopped by Matt Murray with a rebound.
12:02 of 3rd period - Wrist shot by Brandon Tanev.
12:02 of 3rd period - Stopped by Matt Murray without a rebound.
12:03 of 3rd period - John Tavares wins face-off versus Steven Stamkos in Stars zone.
12:57 of 3rd period - Wrist shot by Michael Grabner.
12:57 of 3rd period - Shot Misses the Net.
12:59 of 3rd period - Wrist shot by John Tavares.
12:59 of 3rd period - Shot Misses the Net.
13:01 of 3rd period - Snap shot by Michael Grabner.
13:01 of 3rd period - Deflect By Guillaume Latendresse.
13:01 of 3rd period - Goal by Guillaume Latendresse - Stars : 4 - Penguins : 2.
13:02 of 3rd period - Evgeny Grachev wins face-off versus Derek Stepan in neutral zone.
13:34 of 3rd period - Snap shot by Cal Clutterbuck.
13:34 of 3rd period - Stopped by Matt Murray with a rebound.
13:36 of 3rd period - Snap shot by Cal Clutterbuck.
13:36 of 3rd period - Shot Blocked by Paul Ladue.
13:38 of 3rd period - Snap shot by Oscar Klefbom.
13:38 of 3rd period - Stopped by Matt Murray without a rebound.
13:39 of 3rd period - Evgeny Grachev wins face-off versus Steven Stamkos in Stars zone.
13:52 of 3rd period - Wrist shot by Steven Stamkos.
13:52 of 3rd period - Stopped by Matt Murray with a rebound.
14:19 of 3rd period - Snap shot by Paul Stastny.
14:19 of 3rd period - Stopped by Matt Murray with a rebound.
14:30 of 3rd period - Icing by Justin Schultz.
14:31 of 3rd period - Tobias Rieder wins face-off versus Derek Stepan in Penguins zone.
15:25 of 3rd period - Wrist shot by Nikita Kucherov.
15:25 of 3rd period - Shot Blocked by Alex Chiasson.
15:27 of 3rd period - Snap shot by William Nylander.
15:27 of 3rd period - Deflect By Paul Ladue.
15:27 of 3rd period - Stopped by Matt Murray without a rebound.
15:28 of 3rd period - Evgeny Kuznetsov wins face-off versus Frederick Gaudreau in Stars zone.
16:57 of 3rd period - Snap shot by Andrew Ladd.
16:57 of 3rd period - Shot Hit the Post.
17:27 of 3rd period - Tyler Wotherspoon is hit by Derek Stepan and loses puck.
17:59 of 3rd period - Wrist shot by Jonathan Drouin.
17:59 of 3rd period - Stopped by Andrei Vasilevskiy with a rebound.
18:33 of 3rd period - Nick Leddy is hit by Andrew Ladd and loses puck.
18:54 of 3rd period - Wrist shot by Evgeny Grachev.
18:54 of 3rd period - Stopped by Andrei Vasilevskiy with a rebound.
18:56 of 3rd period - Slapshot by Tobias Rieder.
18:56 of 3rd period - Deflect By Evgeny Grachev.
18:56 of 3rd period - Shot Misses the Net.
18:56 of 3rd period - Puck is out of play.
18:57 of 3rd period - Evgeny Kuznetsov wins face-off versus Frederick Gaudreau in Penguins zone.
19:00 of 3rd period - Snap shot by Cam Atkinson.
19:00 of 3rd period - Shot Blocked by Cal Clutterbuck.
19:22 of 3rd period - Boris Valabik is hit by William Nylander and loses puck.
19:23 of 3rd period - Boris Valabik from Stars is injured at 19:23 of 3rd period (Sprained Left Finger).
19:24 of 3rd period - Frederick Gaudreau wins face-off versus Evgeny Kuznetsov in Stars zone.
19:31 of 3rd period - Oscar Klefbom is hit by Cam Atkinson and loses puck.
Goals for this period are 1 for Stars vs 1 for Penguins.
Shots for this period are 9 for Stars vs 16 for Penguins.